 Dungeon Crawl Stone Soup version 0.31-a0-1570-g93c622d222 (webtiles) character file.

Game seed: 10283972045245261534

236 Vorhees the Shooter (level 5, 0/39 HPs)
             Began as a Mummy Hunter on Jan 3, 2024.
             Slain by Eustachio the gnoll
             ... wielding a +0 rapier
              (4 damage)
             ... on level 4 of the Dungeon.
             The game lasted 00:02:08 (2360 turns).

Vorhees the Shooter (Mummy Hunter)                  Turns: 2360, Time: 00:02:08

Health: 0/39       AC:  4    Str: 15    XL:     5   Next: 77%
Magic:  5/5        EV: 13    Int:  8    God:
Gold:   134        SH:  0    Dex: 23    Spells: 4/4 levels left

rFire   x . .        a - +0 shortbow (freeze)
rCold   + . .        (shield currently unavailable)
rNeg    + + +        c - +0 leather armour
rPois   ∞            e - +0 helmet
rElec   .            (no cloak)
rCorr   .            (no gloves)
SInv    .            (no boots)
Will    .....        (no amulet)
Stlth   ++           d - +6 ring of dexterity
HPRegen 0.26/turn    (no ring)
MPRegen 0.09/turn

%: faith
@: no status effects
A: cold resistance 1, negative energy resistance 3, torment resistance 2, heat
vulnerability 1, in touch with death 1, no potions, faith
a: no special abilities


You were on level 4 of the Dungeon.
You visited 1 branch of the dungeon, and saw 4 of its levels.

You collected 134 gold pieces.

Inventory:

Hand Weapons
 a - a +0 shortbow of freezing (weapon)
Missiles
 i - a throwing net
Armour
 c - a +0 leather armour (worn)
 e - a +0 helmet (worn)
Jewellery
 d - a +6 ring of dexterity (left hand)
Wands
 f - a wand of polymorph (2)
Scrolls
 b - a scroll of butterflies
 g - a scroll of immolation


   Skills:
 * Level 2.5 Fighting
 * Level 5.2 Ranged Weapons
 * Level 1.0 Armour
 * Level 2.3 Dodging
 + Level 0.8 Stealth


You had 4 spell levels left.
You didn't know any spells.
Your spell library contained the following spells:

 Spells                   Type           Power      Damage    Failure   Level
 Apportation              Tloc           0%         N/A       47%         1
 Freeze                   Ice            0%         1d3       47%         1
 Necrotise                Necr           0%         1d4       47%         1
 Sting                    Conj/Alch      0%         1d3       47%         1
 Summon Small Mammal      Summ           0%         N/A       47%         1
 Frozen Ramparts          Ice            0%         1d1       85%         3
 Hailstorm                Conj/Ice       0%         3d5       85%         3
 Chain Lightning          Conj/Air       0%         N/A       100%        9
 Sublimation of Blood     Necr           Unusable   N/A       N/A         2
 Borgnjor's Revivificati  Necr           Unusable   N/A       N/A         8

Dungeon Overview and Level Annotations

Branches:
Dungeon (4/15)
 Temple: D:4-7

Altars:
Ashenzari

Shops:
D:2 ?

Annotations:
D:3 1 runed translucent door, Crazy Yiuf
D:4 Eustachio


Innate Abilities, Weirdness & Mutations

You are immune to poison.
Your flesh is cold resistant. (rC+)
You are immune to negative energy. (rN+++)
You are immune to unholy pain and torment.
You are vulnerable to heat. (rF-)
You are in touch with the powers of death.
You do not drink.
You have a special connection with the divine. (Faith)


Message History

Eustachio wears a +3 leather armour of cold resistance.
Eustachio barely misses you.
You shoot an arrow. The arrow hits Eustachio.
The arrow freezes Eustachio.
Eustachio is moderately wounded.
Eustachio hits you with a +0 rapier.
Unknown command.
You shoot an arrow. The arrow barely misses Eustachio.
The arrow hits the quokka!
The arrow freezes the quokka.
You kill the quokka!
The quokka's corpse disappears in a puff of smoke!
Eustachio closely misses you.
Unknown command.
Unknown command.
You shoot an arrow.
The arrow hits Eustachio but does no damage.
Eustachio is moderately wounded.
Eustachio barely misses you.
Unknown command.
You shoot an arrow. The arrow hits Eustachio.
The arrow freezes Eustachio.
Eustachio is severely wounded.
Eustachio hits you with a +0 rapier.
Unknown command.
You shoot an arrow. The arrow barely misses Eustachio.
The arrow hits the bat!
The arrow freezes the bat.
You kill the bat!
The bat's corpse disappears in a puff of smoke!
Eustachio hits you with a +0 rapier!
* * * LOW HITPOINT WARNING * * *
The quokka twitches its whiskers.
You shoot an arrow. The arrow closely misses Eustachio.
The arrow hits the river rat but does no damage.
Eustachio hits you with a +0 rapier.
* * * LOW HITPOINT WARNING * * *
Unknown command.
You shoot an arrow.
The arrow hits Eustachio but does no damage.
Eustachio is severely wounded.
Eustachio hits you with a +0 rapier.
You die...
Eustachio says, "Such is the fate of all honourless rascals." #.#...#.# ##......# #.#.###.# '......# #.#.# #.# ......# #.#.# #.# .....######.#.# #.# ..).##.....#.# #.# 5rr

#.##..#.###.#
.######g###.##........#
.......@.##.##....#####
..######.##.#...#.#
#......#.###'######
#....#!...............
...#..########.....####
..... #.....# ....
#.....# .... #######
....


You could see Eustachio the gnoll, a river rat (summoned), an ufetubus
(summoned) and a quokka (summoned).

Vanquished Creatures
  A gnoll bouda (D:3)
  Ijyb (D:3)
  An iguana (D:3)
  5 gnolls (D:3)
  3 adders
  A ribbon worm (D:2)
  3 orcs (D:3)
  6 ball pythons
  6 bats
  2 endoplasms
  3 giant cockroaches
  10 goblins
  10 hobgoblins
  8 jackals
  6 kobolds
  2 quokkas
  2 frilled lizards (D:1)
  A rat (D:2)
71 creatures vanquished.

Notes
Turn   | Place    | Note
-------+----------+-------------------------------------------
     0 | D:1      | Vorhees the Mummy Hunter began the quest for the Orb.
     0 | D:1      | Reached XP level 1. HP: 16/16 MP: 1/1
    85 | D:1      | You fall into a shaft and drop 1 floor!
    95 | D:2      | Reached XP level 2. HP: 22/22 MP: 2/2
   102 | D:2      | Found Xankeg's Magic Scroll Emporium.
   344 | D:1      | Reached XP level 3. HP: 27/27 MP: 3/3
   452 | D:1      | Reached skill level 4 in Ranged Weapons
   930 | D:2      | Got the Collected Works on the Necrotic Storm
  1153 | D:2      | Reached XP level 4. HP: 33/33 MP: 4/4
  1266 | D:3      | Noticed Ijyb
  1275 | D:3      | Killed Ijyb
  1441 | D:3      | Reached XP level 5. HP: 39/39 MP: 5/5
  1622 | D:3      | Found a broken altar of Ashenzari.
  1656 | D:3      | Reached skill level 5 in Ranged Weapons
  1875 | D:3      | Found a runed translucent door.
  1876 | D:3      | Noticed Crazy Yiuf
  1923 | D:3      | Reached skill level 1 in Armour
  2340 | D:4      | Noticed Eustachio
  2351 | D:4      | Eustachio changed into Eustachio the gnoll
  2351 | D:4      | Noticed Eustachio
  2360 | D:4      | Slain by Eustachio the gnoll

Illustrated notes

Levels and vault maps discovered:
D:1:      minmay_arrival_arboretum_small, layout_basic, hangedman_decor_points,
          minmay_misc_feat_encased, minivault_5
D:2:      layout_rooms, serial_shops, shop
D:3:      wad_lake_hut, layout_loops_ring, mainiacjoe_overflow_paths, uniq_ijyb,
          uniq_crazy_yiuf_cottage
D:4:      layout_basic, nicolae_overflow_hallway_of_the_gods,
          minmay_quadrilaterals, uniq_edmund, uniq_menkaure, uniq_sigmund,
          uniq_eustachio

Skill      XL: |  1  2  3  4  5 |
---------------+----------------+-----
Ranged Weapons | 4 5 |  5.2
Dodging        | 2 |  2.3
Armour         | 1 |  1.0
Fighting       | |  2.5
Stealth        | |  0.8

Action                     |  1- 3 |  4- 6 || total
---------------------------+-------+-------++-------
   Fire: Shortbow          |   116 |    96 ||   212
  Evoke: Wand              |       |     6 ||     6
    Use: Scroll            |     3 |     2 ||     5
 Armour: Leather armour    |    30 |    21 ||    51
  Dodge: Dodged            |    30 |    22 ||    52

Table legend: (Time is in decaauts)
 A = Elapsed time spent in this place.
 B = Non-inter-level travel time spent in this place.
 C = Inter-level travel time spent in this place.
 D = Time resting spent in this place.
 E = Time spent auto-exploring this place.
 F = Levels seen in this place.
 G = Mean time per level.
                   A        B        C        D        E       F      G
               +--------+--------+--------+--------+--------+-----+--------+
         Total |   2456 |   2413 |     43 |      0 |   2005 |   4 |  614.0 |
       Dungeon |   2456 |   2413 |     43 |      0 |   2005 |   4 |  614.0 |
               +--------+--------+--------+--------+--------+-----+--------+

Top non-repeatable levels by time:
     D:3: 1136 daAuts
     D:1: 831 daAuts
     D:2: 415 daAuts
     D:4: 72 daAuts
